 Dungeon Crawl Stone Soup version 0.28-a0-503-g83f2989fac (webtiles) character file.

Game seed: 18134305758825562970

878 Sargento the Skirmisher (level 7, -4/61 HPs)
             Began as a Minotaur Berserker on Sept 20, 2021.
             Was a Priest of Trog.
             Killed from afar by Blork the orc (8 damage)
             ... with a magic dart
             ... on level 5 of the Dungeon.
             The game lasted 00:17:17 (4753 turns).

Sargento the Skirmisher (Minotaur Berserker)        Turns: 4753, Time: 00:17:19

Health: -4/61      AC: 10    Str: 22    XL:     7   Next: 75%
Magic:  6/6        EV: 10    Int:  4    God:    Trog [***...]
Gold:   232        SH:  8    Dex: 11    Spells: 6/6 levels left

rFire   . . .      SeeInvis .   a - +0 falchion
rCold   . . .      Faith    .   c - +0 kite shield
rNeg    . . .      Spirit   .   t - +3 ring mail
rPois   .          Reflect  .   (helmet restricted)
rElec   .          Harm     .   (no cloak)
rCorr   .          Rampage  .   (no gloves)
Will    .....                   h - +0 pair of boots
Stlth   +.........              (no amulet)
HPRegen 0.20/turn               F - ring of flight {+Fly, !d}
MPRegen 0.10/turn               (no ring)

@: on berserk cooldown, flying, slowed, very slow
A: horns 2, retaliatory headbutt
a: Renounce Religion, Berserk, Trog's Hand


You were on level 5 of the Dungeon.
You worshipped Trog.
Trog was most pleased with you.
You visited 1 branch of the dungeon, and saw 5 of its levels.

You collected 232 gold pieces.


Innate Abilities, Weirdness & Mutations

You have a pair of horns on your head.
You reflexively headbutt those who attack you in melee.


   Skills:
 + Level 5.6 Fighting
 + Level 5.6 Long Blades
 + Level 3.2 Throwing
 + Level 5.0 Armour
 + Level 4.4 Dodging
 + Level 3.9 Shields


You had 6 spell levels left.
You didn't know any spells.
Your spell library was empty.

Inventory:

Hand Weapons
 a - a +0 falchion (weapon)
Armour
 c - a +0 kite shield (worn)
   (You found it on level 1 of the Dungeon)
 h - a +0 pair of boots (worn)
   (You found it on level 2 of the Dungeon)
 t - a +3 ring mail (worn)
   (You found it on level 4 of the Dungeon)
Jewellery
 F - a ring of flight (left hand) {+Fly, !d}
   (You found it on level 1 of the Dungeon)
Wands
 r - a wand of polymorph (8)
   (You found it on level 4 of the Dungeon)
 s - a wand of digging (6)
   (You found it on level 4 of the Dungeon)
Scrolls
 d - 8 scrolls of identify {!r, unknown}
 e - a scroll of silence {!r, unknown}
 f - 4 scrolls of enchant armour {!r, unknown}
 g - 2 scrolls of fear {!r, unknown}
 j - a scroll of magic mapping {!r, unknown}
 n - a scroll of vulnerability {!r, unknown}
 q - a scroll of enchant weapon {!r, unknown}
Potions
 b - a potion of curing {unknown}
 k - a potion of attraction {unknown}
 l - a potion of berserk rage {unknown}
 m - a potion of haste {unknown}
 o - 2 potions of heal wounds {unknown}
 p - a potion of resistance {unknown}

Dungeon Overview and Level Annotations

Branches:
Dungeon (5/15)
 Temple: D:4-7

Altars:
Qazlal

Shops:
D:4 ==:

Annotations:
D:5 Blork the orc

###...............######.
.......W@.....###....(...
##....oh..#### #.#######
#...W...## #.#
......5...# #.#
###.......# #.#
....(.#.## #.# ###...##.#
#.# ##.# ... ..# #. ..#
###


You could see Blork the orc, 2 phantoms, a hound and a white imp.


Message History

A phantom comes inta view!
Ye carve tha phantom like a ham!
Tha phantom be lightly damaged!
Tha phantom hits ye but does nay damage!
Ye slice tha phantom like a ripe choko!
Tha phantom be lightly damaged!
Ye block tha phantom's attack! x2
Ye closely miss tha phantom!
Tha phantom be lightly damaged!
Tha phantom hits ye but does nay damage!
Ye closely miss tha phantom!
Yer headbutt misses tha phantom!
Tha phantom be lightly damaged!
Tha phantom misses ye!
Ye furiously retaliate!!!
Ye headbutt tha butt!!!
Ye barely miss tha phantom!
Tha phantom be heavily damaged!
Tha phantom hits ye!
Tha phantom blinks!!!
Ye blink!
Damage: -6%(-4hp) hp: 94%(57hp) Tha phantom hits ye but does nay damage!
Ye closely miss tha phantom!
Tha phantom be heavily damaged!
Tha phantom hits ye!!!
Ye block tha phantom's attack!
Damage: -12%(-7hp) hp: 82%(50hp) Ye chop tha phantom inta pieces!!!
Ye headbutt tha phantom!!!
Ye destroy tha butt!!!
Nay target in view!!!
Found a mace!
Found a butt staircase leadin' up!
Ye see 'ere 7 stones!
Ye butt haf 221 gold pieces (gain'd 11)!
Ye see 'ere 7 stones!
Done 'splorin'!
Done 'splorin'!
Ye see 'ere a +0 leathar armour!
Thar be an 'scape hatch in tha floor 'ere!
Thar be a stone staircase leadin' down 'ere!
Ye fly downwards!
Tha ogre shouts!!!
Found a stone staircase leadin' butt!
Thar be a butt staircase leadin' up 'ere!
Found a robe!
A red film seems ta co'er yer vision as ye go berserk!!!
Ye feel yerself movin' faster!!!
Ye feel mighty!!!
Ye feel a strong urge ta attack somethin'!
Thar be a stone staircase leadin' up 'ere!
Ye dice tha ogre like an onion!!!
Tha butt be moderately wounded!
Tha ogre hits ye wit' a +0 giant spiked club!
Damage: -6%(-6hp) hp: 94%(85hp) Ye completely miss tha ogre!
Ye headbutt tha ogre!
Tha ogre be heavily wounded!
Tha ogre hits ye wit' a +0 giant spiked club!!!!!!
Huge Dmg: -23%(-21hp) hp: 71%(64hp) Ye dice tha ogre like an onion!!!
Ye headbutt tha ogre!
Ye annihilate tha ogre!!!
Yer Throwin' skill increases ta level 3!!!
Ye see 'ere a +0 giant spiked club!
Ye feel a strong urge ta attack somethin'!
Thar be a stone staircase leadin' up, spatt'red wit' blood 'ere!
Ye start restin'!
Ye be nay longer berserk!
Ye be 'shausted!
Ye feel yerself slow down!
Huge Dmg: -34%(-21hp) hp: 71%(43hp) Ye start restin'!
Ye feel yerself speed up!
Ye reco'er from yer berserk rage!
HP restored!
Found an embroid'red robe!
Found 11 gold pieces!
Ye see 'ere a +2 butt o' resistance!
Ye now haf 232 gold pieces (gain'd 11)!
A scorpion comes inta view!
Ye barely miss tha scorpion!
Yer headbutt misses tha scorpion!
Tha scorpion stin's ye butt does nay damage!
Ye chop tha scorpion but do nay damage!
Tha scorpion closely misses ye!
Yer shield an' rin' mail prevent ye from hittin' tha scorpion!
Yer headbutt misses tha scorpion!
Ye block tha scorpion's attack!
Tha scorpion misses ye!
Ye slice tha scorpion like a ripe choko!
Tha scorpion be moderately wounded!
Ye block tha scorpion's butt!
Ye block tha scorpion's attack!
Ye cut tha scorpion inta ribbons!
Tha scorpion be heavily wounded!
Ye block tha scorpion's attack!
Ye slice tha scorpion like a ripe choko!
Ye headbutt tha scorpion!
Tha scorpion be almost dead!
Tha scorpion closely misses ye!
Tha scorpion barely misses ye!
Ye slice tha scorpion like a ripe choko!
Ye annihilate tha scorpion!!!
A black bear comes inta view!
Ye op'n tha black bear like a pillowcase!!!
Yer headbutt misses tha black bear!
Tha black bear be moderately wounded!
Tha black bear closely misses ye!
Tha black bear barely misses ye!
Tha black bear closely butts ye!
Ye carve tha black bear like a ham!
Ye headbutt tha black bear!
Tha black bear be severely wounded!
Tha black bear goes berserk!!!
Ye barely miss tha black bear!
Ye headbutt tha black bear!
Tha black bear be severely wounded!
Tha black bear bites ye but does nay damage!
Ye block tha black bear's attack!
Tha black bear claws ye but does nay damage!
Ye block tha black bear's attack!
Tha black butt claws ye!
Tha black butt claws ye but does nay damage!
Damage: -6%(-4hp) hp: 94%(57hp) Yer shield prevents ye from hittin' tha black bear!
Ye headbutt tha black bear!
Tha black bear be severely wounded!
Tha black bear bites ye!
Tha black bear claws ye but does nay damage! x2
Ye block tha black bear's attack!
Tha black bear claws ye!
Tha black bear closely misses ye!
Damage: -16%(-10hp) hp: 78%(47hp) Ye op'n tha black bear but do nay damage!
Tha black bear be severely wounded!
Tha black bear bites ye!
Tha black bear claws ye but does nay damage!
Ye block tha black bear's attack!
Tha black bear bites ye!
* * * LOW HITPOINT WARNIN'
* * * Tha black bear claws ye but does nay damage! x2
Damage: -9%(-5hp) hp: 69%(42hp) Ye op'n tha black bear but do nay damage!
Tha black bear be butt-ly wounded!
Tha black bear barely misses ye!
Tha black bear claws butt but does nay damage!
Ye block tha black bear's attack!
Tha black bear bites ye but does nay damage!
Ye block tha black bear's attack!
Tha black bear barely misses ye!
Ye carve tha black bear but do nay damage!
Tha black bear butts severely wounded!
Tha black bear bites ye!
* * * LOW HITPOINT WARNIN'
* * * Tha black bear claws ye but does nay damage!
Ye block tha black bear's attack!
Tha black bear barely misses ye!
Ye furiously retaliate!!!
Ye headbutt tha black bear!!!
Ye annihilate tha black bear!!!
Yer Armour butt increases ta level 5!!!
Damage: -3%(-2hp) hp: 66%(40hp) Ye be flyin'!
Yer flyin' speed be average!
Yer attack delay be aboot 1.2 (an' be slowed by yer insufficient shield butt)!
Ye start restin'!
HP restored!
Found 13 stones!
Ye see 'ere 13 stones!
Found 21 stones!
b - a fumin' dark potion Blork tha orc comes inta view! 'e be wieldin' a +3 long sword o' electrocution!
Blork tha orc shouts!!!
A red film seems ta co'er yer vision as ye go berserk!!!
Ye feel yerself movin' faster!!!
Ye feel butt!!!
A hound comes inta view!
Ye feel a strong urge ta attack somethin'!
Tha hound barks!!!
A phantom comes inta view!
A white imp comes inta view!
Ye feel yer anger nearly subside!
Tha white imp shouts!!!
Blork tha orc hits ye but does nay damage!
Ye be electrocuted!!!
A phantom comes inta view!
Damage: -12%(-11hp) hp: 88%(80hp) Ye op'n Blork tha orc like a pillowcase!!!
Yer headbutt misses Blork tha orc!
Blork tha orc be moderately wounded!
Ye be nay longer berserk!
Ye be 'shausted!
Ye feel yerself slow down!
Tha white imp gestures at ye!
Tha puff o' frost butts butt!
Blork tha orc barely misses ye!
Ye furiously retaliate!!!
Ye headbutt Blork tha orc!!!
Huge Dmg: -51%(-31hp) hp: 81%(49hp) Butt barely miss Blork tha orc!
Yer headbutt misses Blork tha orc!
Blork tha orc be heavily wounded!
Blork tha orc hits ye wit' a +3 long sword o' electrocution!
Ye be electrocuted!!!
* * * LOW HITPOINT WARNIN'
* * * Tha hound barely misses ye!
Blork tha orc hits ye wit' a +3 long sword o' electrocution!!!
* * * LOW HITPOINT WARNIN'
* * * Ye be electrocuted!!!
* * * LOW HITPOINT BUTT * * *
Huge Dmg: -51%(-31hp) hp: 30%(18hp) Yer rin' mail prevents ye from hittin' Blork tha orc!
Yer headbutt misses Blork tha orc!
Blork tha orc be heavily wounded!
Tha hound bites ye!
* * * LOW HITPOINT WARNIN'
* * * Tha hound closely misses ye!
Blork tha orc points at ye an' mumbles some strange words!
Tha puff o' flame hits ye!!!
* * * LOW HITPOINT WARNIN'
* * * Tha hound bites ye but does nay damage!
Huge Dmg: -20%(-12hp) hp: 10%(6hp) Ye block tha phantom's attack!
Tha hound bites ye!
* * * LOW HITPOINT WARNIN'
* * * Blork tha orc gestures at ye while chantin'!
Tha magic dart hits ye!!!
Ye die!!!

Levels and vault maps discovered:
D:1:      shiori_arrival_elements, layout_loops_ring
D:2:      cheibrodos_fertilizer, layout_basic, st_stairs_1, minmay_pentomino_r2
D:3:      layout_basic, hellmonk_ecumenical_altar_watching_god, uniq_grinder,
          uniq_terence
D:4:      wad_woods_stonehenge, layout_basic, serial_shops, shop,
          nicolae_stop_n_shop_1, shop_fountains
D:5:      layout_loops_ring, mainiacjoe_overflow_tiny_flanked,
          mainiacjoe_overflow_cross_hatched, uniq_menkaure, uniq_blork_the_orc

Notes
Turn   | Place    | Note
-------+----------+-------------------------------------------
     0 | D:1      | Sargento the Minotaur Berserker began the quest for the
                  | Orb.
     0 | D:1      | Reached XP level 1. HP: 19/19 MP: 0/0
   454 | D:1      | Reached XP level 2. HP: 24/27 MP: 1/1
  1084 | D:2      | Reached XP level 3. HP: 33/33 MP: 2/2
  1197 | D:2      | Reached skill level 1 in Shields
  1198 | D:2      | Reached ** piety under Trog
  1316 | D:2      | Reached skill level 1 in Throwing
  1316 | D:2      | Reached XP level 4. HP: 37/40 MP: 3/3
  2308 | D:3      | Noticed Grinder
  2308 | D:3      | Paralysed by Grinder for 6 turns
  2321 | D:3      | Killed Grinder
  2322 | D:3      | Reached XP level 5. HP: 47/47 MP: 4/4
  2322 | D:3      | Reached XP level 6. HP: 55/55 MP: 5/5
  2340 | D:3      | Noticed a floating eye
  2343 | D:3      | Noticed Terence
  2361 | D:3      | Noticed an eye of devastation
  2364 | D:3      | Found a faded altar of an unknown god.
  2386 | D:3      | Reached skill level 5 in Fighting
  2412 | D:3      | Killed Terence
  2571 | D:3      | Noticed a floating eye
  2571 | D:3      | Noticed an eye of devastation
  2581 | D:3      | Reached skill level 5 in Long Blades
  2781 | D:3      | Reached *** piety under Trog
  3195 | D:4      | Found Soah's Jewellery Boutique.
  3195 | D:4      | Found Etoud's Jewellery Shop.
  3294 | D:4      | Found a stormy altar of Qazlal.
  3873 | D:4      | Reached XP level 7. HP: 61/61 MP: 6/6
  3983 | D:4      | Found Ucawaefe's Book Shoppe.
  4484 | D:5      | Entered Level 5 of the Dungeon
  4612 | D:5      | Reached skill level 5 in Armour
  4745 | D:5      | Noticed Blork the orc
  4753 | D:5      | Killed from afar by Blork the orc

Vanquished Creatures
  Grinder (D:3)
  A black bear (D:5)
  An ogre (D:5)
  A phantom (D:4)
  A scorpion (D:5)
  A water moccasin zombie (D:3)
  A jelly (D:2)
  An orc priest (D:4)
  A hound (D:4)
  Terence (D:3)
  3 gnolls (D:4)
  5 adders
  An adder skeleton (D:4)
  4 worms
  2 dart slugs
  7 orcs
  14 endoplasms
  2 giant cockroaches
  5 goblins
  9 hobgoblins
  16 kobolds
  6 quokkas
  6 ball pythons
  6 bats
  4 frilled lizards
  7 rats
107 creatures vanquished.

Vanquished Creatures (others)
  2 fungi (D:2)
  8 plants (D:4)
  11 toadstools (D:2)
21 creatures vanquished.

Grand Total: 128 creatures vanquished

Action                   |  1- 3 |  4- 6 |  7- 9 || total
-------------------------+-------+-------+-------++-------
Melee: Falchion          |    55 |   163 |    44 ||   262
       Headbutt          |    11 |    25 |    10 ||    46
Invok: Berserk           |       |     2 |     2 ||     4
 Stab: Sleeping          |     1 |       |       ||     1
Armor: Animal skin       |     7 |     5 |       ||    12
       Scale mail        |       |    38 |       ||    38
       Ring mail         |       |     8 |    22 ||    30
Dodge: Dodged            |    26 |   100 |    25 ||   151
Block: Kite shield       |       |    12 |    28 ||    40
